 Dungeon Crawl Stone Soup version 0.31.0-9-g3a7656b989 (webtiles) character file.

Game seed: 2573643770332323943

47 qw the Shooter (level 3, -5/18 HPs)
             Began as a Spriggan Hunter on Feb 3, 2024.
             Slain by an orc
             ... wielding a +0 hand axe
              (6 damage)
             ... on level 2 of the Dungeon.
             The game lasted 00:00:03 (1058 turns).

qw the Shooter (Spriggan Hunter)                    Turns: 1058, Time: 00:00:03

Health: -5/18      AC:  2    Str:  7    XL:     3   Next: 48%
Magic:  4/4        EV: 19    Int: 10    God:
Gold:   60         SH:  0    Dex: 20    Spells: 2/2 levels left

rFire   . . .        a - +0 shortbow
rCold   . . .        (shield currently unavailable)
rNeg    . . .        c - +0 robe
rPois   .            (helmet restricted)
rElec   .            (no cloak)
rCorr   .            (gloves unavailable)
SInv    +            (boots unavailable)
Will    .....        (no amulet)
Stlth   ++           (no ring)
HPRegen 0.23/turn    (no ring)
MPRegen 0.09/turn

%: no passive effects
@: very quick
A: very small, no large weapons, unfitting armour, see invisible, speed 3
a: no special abilities


You were on level 2 of the Dungeon.
You visited 1 branch of the dungeon, and saw 2 of its levels.

You collected 60 gold pieces.


Innate Abilities, Weirdness & Mutations

You are very small and have problems with some larger weapons.
You are too small for most types of armour.
You have supernaturally acute eyesight. (SInv)
You cover ground extremely quickly. (Speed+++)


   Skills:
 - Level 1.5 Fighting
 + Level 4.7 Ranged Weapons
 - Level 4.0 Dodging
 - Level 1.5 Stealth


You had 2 spell levels left.
You didn't know any spells.
Your spell library was empty.

Inventory:

Hand Weapons
 a - a +0 shortbow (weapon)
Armour
 c - a +0 robe (worn)
Jewellery
 e - a ring of ice
Scrolls
 d - 3 scrolls of enchant armour
Potions
 g - a potion of haste

Dungeon Overview and Level Annotations

Branches:
Dungeon (2/15)

Altars:

Shops:
D:1 ([[


Message History

The adder completely misses you.
You shoot an arrow. The arrow hits the adder.
The adder is moderately wounded.
A goblin comes into view. It is wielding a +0 dagger.
The adder closely misses you.
You shoot an arrow. The arrow closely misses the adder.
The arrow hits the ribbon worm.
The ribbon worm is heavily wounded.
The adder closely misses you. The adder barely misses you.
You shoot an arrow. The arrow hits the adder.
The adder is heavily wounded.
The adder barely misses you.
You shoot an arrow. The arrow misses the adder.
The arrow hits the ribbon worm!
The ribbon worm is almost dead.
A bat comes into view.
The adder bites you but does no damage. The adder bites you.
You are poisoned.
The adder poisons you!
You shoot an arrow. The arrow hits the adder!
You kill the adder!
You feel sick. The ball python bites you. The ball python misses you.
You shoot an arrow. The arrow hits the ball python!
You kill the ball python!
You feel sick.
You shoot an arrow. The arrow hits the goblin.
The goblin is moderately wounded.
You feel sick. The goblin closely misses you.
You shoot an arrow. The arrow closely misses the goblin.
The arrow hits the ribbon worm!
You kill the ribbon worm!
You feel sick. The goblin closely misses you.
The goblin hits you with a +0 dagger.
You shoot an arrow. The arrow hits the goblin.
You kill the goblin!
You feel sick. The bat hits you but does no damage.
You shoot an arrow. The arrow barely misses the orc.
You feel sick.
You are no longer poisoned.
The orc hits you with a +0 hand axe.
You die...

# .......# ..#.#
##. ....... #.#.#
...####.....##
#.#.#
.............#
#.#.#
.............#
#.#.#
#.........?..#
#.#.#
......)bg....####
#.#.# #o# #..
#.... #@# #.#
#.### #.#######.#
#....
#......##.########
#####.###.##...###
#.............
#####.##..####
........##......
##########.....#
...........


You could see an orc, a goblin and a bat.

Vanquished Creatures
  An adder (D:2)
  A ribbon worm (D:2)
  3 orcs (D:2)
  A bat (D:1)
  4 endoplasms (D:1)
  3 giant cockroaches
  3 goblins
  2 hobgoblins
  4 kobolds
  5 ball pythons
  A frilled lizard (D:1)
  2 rats (D:1)
30 creatures vanquished.

Notes
Turn   | Place    | Note
-------+----------+-------------------------------------------
     0 | D:1      | qw the Spriggan Hunter began the quest for the Orb.
     0 | D:1      | Reached XP level 1. HP: 10/10 MP: 2/2
     0 | D:1      | 0 ||| qw: Version: 0.3-a-155-g5e7d8dd
     0 | D:1      | 0 ||| qw: Game counter: 2894
     0 | D:1      | 0 ||| qw: Melee chars always use a shield: true
     0 | D:1      | 0 ||| qw: God list: Okawaru
     0 | D:1      | 0 ||| qw: Allow faded altars: false
     0 | D:1      | 0 ||| qw: Do Orc after clearing Dungeon:15 true
     0 | D:1      | 0 ||| qw: Do second Lair branch before Depths: true
     0 | D:1      | 0 ||| qw: Lair rune preference: random
     0 | D:1      | 0 ||| qw: Goals: Normal
     0 | D:1      | 0 ||| PLANNING D:1-11
    95 | D:1      | Found Ovum's Weapon Shoppe.
   104 | D:1      | Reached skill level 3 in Dodging
   113 | D:1      | 113 ||| SHOPLISTING +4 antimagic orcbow (325 gold, have
                  | 14).
   228 | D:1      | Reached XP level 2. HP: 8/14 MP: 3/3
   419 | D:1      | Found Cuce's Antique Armour Shoppe.
   427 | D:1      | 427 ||| SHOPLISTING cloak (94 gold, have 53).
   431 | D:1      | Found Gusudd's Armour Emporium.
   439 | D:1      | 439 ||| SHOPLISTING +1 robe of Vines {NoPotionHeal
                  | Regen++++} (960 gold, have 53).
   758 | D:1      | 758 ||| READING 4 scrolls labelled LITANUE FOORHA.
   758 | D:1      | 758 ||| ENCHANTING +0 shortbow.
   759 | D:1      | 759 ||| READING scroll labelled COSORU HIQI.
   759 | D:1      | 759 ||| IDENTIFYING fuming white potion
   760 | D:1      | 760 ||| READING scroll labelled IGUOCR VUCVAXKU.
   761 | D:1      | 761 ||| DROPPING scroll of butterflies.
  1040 | D:2      | 1040 ||| RETREEEEATING.
  1042 | D:2      | Reached XP level 3. HP: 18/18 MP: 4/4
  1056 | D:2      | HP: 3/18 [goblin/+0 dagger (4)]
  1058 | D:2      | HP: 1/18 [poisoned by an adder]
  1058 | D:2      | Slain by an orc

Levels and vault maps discovered:
D:1:      elethiomel_arrival_maze, layout_loops_ring, serial_shops, shop, shop,
          shop, dk_noncrumbling_2
D:2:      layout_basic, basic_altar, serial_shops, shop, hangedman_decor_push

Skill      XL: |  1  2 |
---------------+-------+-----
Dodging        | 3 4 |  4.0
Fighting       | |  1.5
Ranged Weapons | |  4.7
Stealth        | |  1.5

Action                     || total
---------------------------++-------
   Fire: Shortbow          ||    76
    Use: Scroll            ||     3
 Armour: Robe              ||    14
  Dodge: Dodged            ||    22

Table legend:
 A = Non-vault XP
 B = Vault XP
 C = Vault XP percentage of total XP
 D = Non-vault monster count
 E = Vault monster count
 F = Vault count percentage of total count
                 A         B        C        D         E       F
            +---------+---------+-------+---------+---------+-------
      Total |      68 |       0 |   0.0 |      30 |       0 |   0.0
            +---------+---------+-------+---------+---------+-------
        D:1 |      31 |       0 |   0.0 |      19 |       0 |   0.0
        D:2 |      37 |       0 |   0.0 |      11 |       0 |   0.0
            +---------+---------+-------+---------+---------+-------
